 Dungeon Crawl Stone Soup version 0.13-a0-1536-gedae9ec (webtiles) character file.

186 Kae the Sneak (level 3, -8/16 HPs)
             Began as a Spriggan Enchanter on June 10, 2013.
             Splashed by a jelly's acid (10 damage)
             ... on Level 2 of the Dungeon.
             The game lasted 00:02:21 (1502 turns).

Kae the Sneak (Spriggan Enchanter)                  Turns: 1502, Time: 00:02:21

HP  -8/16        AC  3     Str  5      XL: 3   Next: 78%
MP   0/9         EV 18     Int 16      God:
Gold 127         SH  0     Dex 16      Spells:  2 memorised,  3 levels left

Res.Fire  : . . .   See Invis. : +   a - +1,-1 dagger {=f}
Res.Cold  : . . .   Warding    : .   b - +1 robe
Life Prot.: . . .   Conserve   : .   (shield restricted)
Res.Poison: .       Res.Corr.  : .   (helmet restricted)
Res.Elec. : .       Clarity    : .   (no cloak)
Sust.Abil.: . .     Spirit.Shd : .   (gloves unavailable)
Res.Mut.  : .       Stasis     : .   (boots unavailable)
Res.Rott. : .       Flight     : .   (no amulet)
Saprovore : . . .                    (no ring)
                                     (no ring)

@: very quick, slightly resistant to hostile enchantments, quite stealthy
A: unfitting armour, see invisible, herbivore 3, speed 3, slow metabolism 2
a: no special abilities


You were on level 2 of the Dungeon.
You were not hungry.

You visited 1 branch of the dungeon, and saw 2 of its levels.

You collected 107 gold pieces.

Inventory:

Hand weapons
 a - a +1,-1 dagger (weapon) {=f}
Missiles
 d - 31 darts (quivered)
 t - 5 poisoned needles
Armour
 b - a +1 robe (worn)
Comestibles
 j - a bread ration
Scrolls
 f - 3 scrolls of identify {unknown}
 g - a scroll of curse weapon {unknown}
 i - a scroll of enchant armour {unknown}
 k - a scroll of noise {unknown}
 l - 5 scrolls of remove curse {unknown}
 p - a scroll of enchant weapon I {unknown}
 q - a scroll of amnesia {unknown}
 s - a scroll of teleportation {unknown}
Potions
 e - a potion of porridge
 h - a potion of restore abilities {unknown}
 m - 5 potions of curing {unknown}
 n - 2 potions of brilliance {unknown}
 o - a potion of poison {unknown}
 r - a potion of speed {unknown}
Books
 c - a book of Maledictions

   Spells                             Type                      Level
   *Corona                            Hexes                        1
   Sure Blade                         Hexes/Charms                 2
   *Ensorcelled Hibernation           Hexes/Ice                    2
   Confuse                            Hexes                        3
   Enslavement                        Hexes                        4
   Invisibility                       Hexes                        6


   Skills:
 * Level 2.5 Short Blades
 - Level 1.1 Throwing
 - Level 3.0 Dodging
 + Level 4.4 Stealth
 + Level 2.1 Spellcasting
 + Level 4.1 Hexes


You had 3 spell levels left.
You knew the following spells:

 Your Spells              Type           Power        Failure   Level  Hunger
a - Corona                Hex            ##.....      4%          1    #......
b - Ensorcelled Hibernat  Hex/Ice        #.....       14%         2    ###....


Dungeon Overview and Level Annotations

Branches:
Dungeon (2/27)

Altars:
the Shining One
Jiyva


Innate Abilities, Weirdness & Mutations

You are tiny and cannot use many weapons and most armour.
You have supernaturally acute eyesight.
You are a herbivore.
You cover ground extremely quickly.
You need consume almost no food.


Message History

Unknown command.
Casting: Ensorcelled Hibernation
Confirm with . or Enter, or press ? or * to list all spells.
Aiming: Ensorcelled Hibernation
Press: ? - help, Shift-Dir - straight line, f - jelly
Aim: a jelly The jelly easily resists.
The jelly hits you.
You are splashed with acid!
The acid burns!
Ouch! That really hurt!
* * * LOW HITPOINT WARNING * * *
Casting: Ensorcelled Hibernation
Confirm with . or Enter, or press ? or * to list all spells.
Aiming: Ensorcelled Hibernation
Press: ? - help, Shift-Dir - straight line, f/p - jelly
Aim: a jelly The jelly easily resists.
The jelly hits you.
* * * LOW HITPOINT WARNING * * *
You are splashed with acid!
The acid burns!
Ouch! That really hurt!
You die...

#.#.......(...#....
#.#.......#####.##.
#.#.......#####.##.
###...)..........(...
#....................
#............#.......
#....###.....#......<
#....................
#...@###.....#.......
#...J###.....#.......
#....................
#....###.....########
#######......#
#......# #......#
#......# #.(....#


You could see a jelly.

Vanquished Creatures
  A jelly (D:2)
  2 worms (D:2)
  A giant gecko (D:1)
  2 bats (D:1)
  2 giant cockroaches
  6 goblins
  4 hobgoblins
  4 kobolds (D:1)
  A giant newt (D:1)
  6 rats
29 creatures vanquished.

Vanquished Creatures (others)
  A kobold (D:2)
1 creature vanquished.

Grand Total: 30 creatures vanquished

Notes
Turn   | Place    | Note
--------------------------------------------------------------
     0 | D:1      | Kae, the Spriggan Enchanter, began the quest for the Orb.
     0 | D:1      | Reached XP level 1. HP: 9/9 MP: 4/4
   300 | D:1      | Reached XP level 2. HP: 10/13 MP: 6/6
   601 | D:1      | Learned a level 2 spell: Ensorcelled Hibernation
   611 | D:1      | Reached skill level 4 in Stealth
   879 | D:2      | Reached XP level 3. HP: 3/16 MP: 7/9
  1225 | D:2      | Found a glowing golden altar of the Shining One.
  1475 | D:2      | Found a viscous altar of Jiyva.
  1502 | D:2      | Splashed by a jelly's acid

Action                   || total
-------------------------++-------
Melee: Dagger            ||   123
Throw: Dart              ||    20
 Cast: Ensorcelled Hiber ||    12
       Corona            ||     2
 Stab: Sleeping          ||     8
